 Dungeon Crawl Stone Soup version 0.31-a0-655-gf2d5465dac (webtiles) character file.

Game seed: 15414850744932246139

216 corax the Covert (level 5, -1/47 HPs)
             Began as a Gnoll Delver on Aug 30, 2023.
             Slain by Duvessa
             ... wielding a +0 short sword
              (4 damage)
             ... on level 3 of the Dungeon.
             The game lasted 00:09:14 (3286 turns).

corax the Covert (Gnoll Delver)                     Turns: 3286, Time: 00:09:15

Health: -1/47      AC:  8    Str: 13    XL:     5   Next: 93%
Magic:  7/7        EV: 13    Int:  9    God:
Gold:   167        SH:  0    Dex: 14    Spells: 7/7 levels left

rFire   + . .        a - +0 hand axe
rCold   x . .        (no shield)
rNeg    . . .        b - +0 leather armour
rPois   .            (no helmet)
rElec   .            (no cloak)
rCorr   .            (no gloves)
SInv    .            s - +0 pair of boots
Will    .....        (no amulet)
Stlth   ++++         m - ring of fire
HPRegen 0.27/turn    t - +4 ring of protection
MPRegen 0.10/turn

%: no passive effects
@: attractive, hasted, very quick
A: fangs 1, strong nose, distributed training
a: no special abilities


You were on level 3 of the Dungeon.
You visited 1 branch of the dungeon, and saw 5 of its levels.

You collected 167 gold pieces.

Inventory:

Hand Weapons
 a - a +0 hand axe (weapon)
Armour
 b - a +0 leather armour (worn)
 s - a +0 pair of boots (worn)
Jewellery
 m - a ring of fire (left hand)
 t - a +4 ring of protection (right hand)
Wands
 g - a wand of digging (3)
Scrolls
 c - a scroll of fog
 d - a scroll of revelation
 e - a scroll of fear
 h - a scroll of enchant armour {unknown}
 i - 8 scrolls of identify {unknown}
 p - a scroll of blinking {unknown}
 q - a scroll of poison {unknown}
 r - a scroll of noise {unknown}
 u - a scroll of teleportation {unknown}
 v - a scroll of amnesia {unknown}
Potions
 f - 2 potions of haste
 j - 2 potions of attraction
 l - a potion of curing {unknown}
 n - a potion of berserk rage {unknown}
 o - a potion of might {unknown}


   Skills:
 + Level 6.7 Fighting
 + Level 1.7 Short Blades
 + Level 1.7 Long Blades
 + Level 4.9 Axes
 + Level 1.7 Maces & Flails
 + Level 1.7 Polearms
 + Level 1.7 Staves
 + Level 1.7 Ranged Weapons
 + Level 1.7 Throwing
 + Level 1.7 Armour
 + Level 4.9 Dodging
 + Level 9.7 Stealth
 + Level 1.7 Shields
 + Level 1.7 Unarmed Combat
 + Level 1.7 Spellcasting
 + Level 1.3 Conjurations
 + Level 1.3 Hexes
 + Level 1.3 Summonings
 + Level 1.3 Necromancy
 + Level 1.3 Translocations
 + Level 1.3 Transmutations
 + Level 1.3 Fire Magic
 + Level 1.3 Ice Magic
 + Level 1.3 Air Magic
 + Level 1.3 Earth Magic
 + Level 1.3 Poison Magic
 + Level 2.0 Invocations
 + Level 1.7 Evocations
 + Level 1.5 Shapeshifting


You had 7 spell levels left.
You didn't know any spells.
Your spell library was empty.

Dungeon Overview and Level Annotations

Branches:
Dungeon (5/15)
 Temple: D:4-7

Altars:
Ashenzari
Cheibriados
Makhleb
Nemelex Xobeh
Yredelemnul

Annotations:
D:3 Dowan, Duvessa


Innate Abilities, Weirdness & Mutations

You have very sharp teeth.
Your uncanny sense of smell can sniff out nearby items.
Your experience applies equally to all skills.


Message History

Duvessa hits you with a +0 short sword. Duvessa misses you.
You hit Duvessa but do no damage.
Duvessa is lightly wounded.
You feel sick. Duvessa hits you with a +0 short sword.
You hit Duvessa but do no damage.
Duvessa is lightly wounded.
You feel sick. Duvessa hits you but does no damage. Duvessa closely misses you.
Dowan casts a spell.
Dowan blinks!
Dowan is attracted toward you.
You completely miss Duvessa. You bite Duvessa, but do no damage.
Duvessa is lightly wounded.
You feel sick. Duvessa misses you. Duvessa closely misses you.
You closely miss Duvessa.
Duvessa is lightly wounded.
You feel sick.
You are no longer poisoned.
Duvessa barely misses you.
You hit Duvessa.
Duvessa is lightly wounded.
Duvessa hits you but does no damage. Duvessa hits you with a +0 short sword.
You hit Duvessa.
Duvessa is lightly wounded.
Duvessa hits you with a +0 short sword. x2
* * * LOW HITPOINT WARNING * * *
You feel yourself speed up. Duvessa hits you with a +0 short sword.
* * * LOW HITPOINT WARNING * * *
Dowan is attracted toward you.
Dowan gestures wildly while chanting.
Dowan blinks!
Duvessa attacks as she pursues you! Duvessa misses you.
Dowan is attracted toward you. Dowan is attracted toward you.
Dowan is attracted toward you. Duvessa attacks as she pursues you!
Duvessa closely misses you. Dowan is attracted toward you.
Duvessa attacks as she pursues you! Duvessa hits you with a +0 short sword.
* * * LOW HITPOINT WARNING * * *
Dowan is attracted toward you. Duvessa attacks as she pursues you!
Duvessa hits you but does no damage. Duvessa attacks as she pursues you!
Duvessa hits you with a +0 short sword.
You die...

###
################.#
.................#
################.#
...# #.# ##†# #.#
##.# #@# ...# #e#
##.# ###.## ...#
#..e.# ##.#######
###.## ##.#.....#
#§#
...#.###§#######.#
##.#....§§§.§....#
##.#####.#########


You could see Duvessa (fast) and Dowan.

Vanquished Creatures
  Jessica (D:3)
  An iguana (D:3)
  A mummy (D:3)
  3 adders
  4 gnolls (D:3)
  2 worms (D:3)
  8 bats
  9 endoplasms
  4 giant cockroaches
  5 goblins
  9 hobgoblins
  9 jackals
  A quokka (D:2)
  5 ball pythons
  3 frilled lizards
  8 kobolds
  5 rats
78 creatures vanquished.

Notes
Turn   | Place    | Note
-------+----------+-------------------------------------------
     0 | D:5      | Reached skill level 9 in Stealth
     0 | D:5      | corax the Gnoll Delver began the quest for the Orb.
     0 | D:5      | Reached XP level 1. HP: 23/23 MP: 1/1
   135 | D:4      | Found a burning altar of Makhleb.
   135 | D:4      | Noticed a hound
   194 | D:4      | Reached XP level 2. HP: 16/29 MP: 2/2
   233 | D:4      | Found a basalt altar of Yredelemnul.
   233 | D:4      | Found a broken altar of Ashenzari.
   234 | D:4      | Found a sparkling altar of Nemelex Xobeh.
   275 | D:4      | Noticed Duvessa
   275 | D:4      | Noticed Dowan
   392 | D:3      | Reached XP level 3. HP: 32/35 MP: 3/3
   631 | D:3      | Noticed Jessica
   643 | D:3      | Killed Jessica
   644 | D:3      | Reached skill level 1 in Short Blades
   644 | D:3      | Reached skill level 1 in Long Blades
   644 | D:3      | Reached skill level 1 in Maces & Flails
   644 | D:3      | Reached skill level 1 in Polearms
   644 | D:3      | Reached skill level 1 in Staves
   644 | D:3      | Reached skill level 1 in Ranged Weapons
   644 | D:3      | Reached skill level 1 in Throwing
   644 | D:3      | Reached skill level 1 in Armour
   644 | D:3      | Reached skill level 1 in Shields
   644 | D:3      | Reached skill level 1 in Unarmed Combat
   644 | D:3      | Reached skill level 1 in Spellcasting
   644 | D:3      | Reached skill level 1 in Invocations
   644 | D:3      | Reached skill level 1 in Evocations
   644 | D:3      | Reached XP level 4. HP: 41/41 MP: 5/5
   658 | D:3      | Reached skill level 1 in Shapeshifting
  1057 | D:2      | Reached skill level 1 in Conjurations
  1057 | D:2      | Reached skill level 1 in Hexes
  1057 | D:2      | Reached skill level 1 in Summonings
  1057 | D:2      | Reached skill level 1 in Necromancy
  1057 | D:2      | Reached skill level 1 in Translocations
  1057 | D:2      | Reached skill level 1 in Transmutations
  1057 | D:2      | Reached skill level 1 in Fire Magic
  1057 | D:2      | Reached skill level 1 in Ice Magic
  1057 | D:2      | Reached skill level 1 in Air Magic
  1057 | D:2      | Reached skill level 1 in Earth Magic
  1057 | D:2      | Reached skill level 1 in Poison Magic
  2418 | D:3      | Reached XP level 5. HP: 47/47 MP: 5/7
  2814 | D:3      | Found a snail-covered altar of Cheibriados.
  3286 | D:3      | Slain by Duvessa

Illustrated notes

Levels and vault maps discovered:
D:1:      wander_arrival_peaceful_grave, layout_loops_corners, chequers_avenue
D:2:      layout_basic
D:3:      minmay_evil_eye, layout_basic, slow_altar_2, minmay_diced_spiral,
          uniq_jessica
D:4:      layout_layer_cave, makhleb_heckhound_becter,
          gammafunk_temple_overflow_claw, serial_shops, kennysheep_mini,
          serial_bayou_pond_e, uniq_duvessa
D:5:      minmay_spotlight, layout_basic

Skill      XL: |  1  2  3  4  5 |
---------------+----------------+-----
Stealth        | |  9.7
Short Blades   | 1 |  1.7
Long Blades    | 1 |  1.7
Maces & Flails | 1 |  1.7
Polearms       | 1 |  1.7
Staves         | 1 |  1.7
Ranged Weapons | 1 |  1.7
Throwing       | 1 |  1.7
Armour         | 1 |  1.7
Shields        | 1 |  1.7
Unarmed Combat | 1 |  1.7
Spellcasting   | 1 |  1.7
Invocations    | 1 2 |  2.0
Evocations     | 1 |  1.7
Shapeshifting  | 1 |  1.5
Conjurations   | 1 |  1.3
Hexes          | 1 |  1.3
Summonings     | 1 |  1.3
Necromancy     | 1 |  1.3
Translocations | 1 |  1.3
Transmutations | 1 |  1.3
Fire Magic     | 1 |  1.3
Ice Magic      | 1 |  1.3
Air Magic      | 1 |  1.3
Earth Magic    | 1 |  1.3
Poison Magic   | 1 |  1.3
Fighting       | |  6.7
Axes           | |  4.9
Dodging        | |  4.9

Action                     |  1- 3 |  4- 6 || total
---------------------------+-------+-------++-------
  Melee: Hand axe          |    59 |   192 ||   251
         Bite              |     5 |    19 ||    24
         Punch             |     2 |     4 ||     6
    Use: Potion            |       |     3 ||     3
   Stab: Sleeping          |     4 |    22 ||    26
         Distracted        |       |     1 ||     1
 Armour: Leather armour    |    15 |    65 ||    80
  Dodge: Dodged            |    47 |   148 ||   195

Table legend: (Time is in decaauts)
 A = Elapsed time spent in this place.
 B = Non-inter-level travel time spent in this place.
 C = Inter-level travel time spent in this place.
 D = Time resting spent in this place.
 E = Time spent auto-exploring this place.
 F = Levels seen in this place.
 G = Mean time per level.
                   A        B        C        D        E       F      G
               +--------+--------+--------+--------+--------+-----+--------+
         Total |   3304 |   3253 |     51 |      0 |   2279 |   5 |  660.8 |
       Dungeon |   3304 |   3253 |     51 |      0 |   2279 |   5 |  660.8 |
               +--------+--------+--------+--------+--------+-----+--------+

Top non-repeatable levels by time:
     D:3: 1603 daAuts
     D:1: 876 daAuts
     D:2: 535 daAuts
     D:4: 219 daAuts
     D:5: 69 daAuts
